 Dungeon Crawl Stone Soup version 0.28-a0-925-gd5e1996cdb (webtiles) character file.

Game seed: 10272414530443295916

20076 Anon1729 the Fighter (level 12, -9/106 (112) HPs)
             Began as a Minotaur Monk on Nov 26, 2021.
             Was a Priest of Ru.
             Mangled by an ice beast (11 damage)
             ... summoned by Fannar
             ... on level 2 of the Lair of Beasts.
             The game lasted 00:25:42 (13960 turns).

Anon1729 the Fighter (Minotaur Monk)               Turns: 13960, Time: 00:25:42

HP:   -9/106 (112)  AC: 11    Str: 22    XL:     12   Next: 42%
MP:   20/20         EV: 14    Int: 10    God:    Ru [***...]
Gold: 983           SH:  0    Dex: 12    Spells: 11/11 levels left

rFire   + . .      SeeInvis .   t - +6 mace
rCold   . . .      Faith    .   (no shield)
rNeg    . . .      Spirit   .   y - +1 scale mail of the Lotus Blossom {rF+ MP+9 Int+3}
rPois   +          Reflect  .   (helmet restricted)
rElec   .          Harm     .   n - +0 cloak
rCorr   .          Rampage  .   (no gloves)
Will    .....                   (no boots)
Stlth   +++.......              (no amulet)
HPRegen 0.27/turn               h - ring of poison resistance
MPRegen 0.17/turn               (no ring)

@: drained
A: horns 2, inability to use devices, no air magic, no necromancy magic, no
transmutations magic, retaliatory headbutt
a: Renounce Religion, Draw Out Power


You were on level 2 of the Lair of Beasts.
You worshipped Ru.
Ru was most pleased with you.
You visited 2 branches of the dungeon, and saw 14 of its levels.
You also visited: Ossuary.

You collected 1027 gold pieces.
You spent 44 gold pieces at shops.

Inventory:

Hand Weapons
 a - a +0 mace
 t - a +6 mace (weapon)
 E - a +2 mace of protection
Missiles
 I - 49 poisoned darts (quivered)
Armour
 b - a +0 robe
 n - a +0 cloak (worn)
 s - the +4 ring mail of the Blind Marksman {Fly rPois rC- Regen+}
   (You found it on level 5 of the Dungeon)

   rC:        It makes you vulnerable to cold.
   rPois:     It protects you from poison.
   Fly:       It grants you flight.
   Regen:     It increases your rate of health regeneration.
 y - the +1 scale mail of the Lotus Blossom (worn) {rF+ MP+9 Int+3}
   (You found it on level 11 of the Dungeon)

   Int:       It affects your intelligence (+3).
   rF:        It protects you from fire.
   MP:        It affects your magic capacity (+9).
Jewellery
 h - a ring of poison resistance (left hand)
Scrolls
 d - 7 scrolls of teleportation
 e - a scroll of holy word
 f - 2 scrolls of noise
 g - a scroll of summoning
 r - 3 scrolls of identify
 u - 6 scrolls of amnesia
 v - a scroll of silence
 x - a scroll of fear
 z - a scroll of acquirement
 A - 3 scrolls of enchant weapon
 B - a scroll of immolation {unknown}
 C - a scroll of vulnerability {unknown}
 D - a scroll of magic mapping
 F - 4 scrolls of blinking
 G - 2 scrolls of fog {unknown}
Potions
 c - 2 potions of attraction {unknown}
 i - 3 potions of magic {unknown}
 j - a potion of might {unknown}
 k - 7 potions of curing
 l - 2 potions of flight {unknown}
 m - 4 potions of heal wounds
 o - 9 potions of lignification
 p - a potion of haste {unknown}
 q - a potion of brilliance {unknown}
 w - a potion of resistance {unknown}
 H - 2 potions of mutation {unknown}
 J - a potion of ambrosia {unknown}


   Skills:
 + Level 12.0 Fighting
 - Level 11.0 Maces & Flails
 + Level 11.2 Armour
 + Level 11.1 Dodging
 + Level 9.0 Stealth


You had 11 spell levels left.
You didn't know any spells.
Your spell library contained the following spells:

 Spells                   Type           Power      Damage    Failure   Level
 Foxfire                  Conj/Fire      0%         2x1d4     63%         1
 Slow                     Hex            0%         N/A       63%         1
 Ensorcelled Hibernation  Hex/Ice        0%         N/A       77%         2
 Scorch                   Fire           0%         2d5       77%         2
 Confusing Touch          Hex            0%         N/A       94%         3
 Dazzling Flash           Conj/Hex       0%         N/A       94%         3
 Frozen Ramparts          Ice            0%         1d2       94%         3
 Gell's Gravitas          Tloc           0%         N/A       94%         3
 Teleport Other           Tloc           0%         N/A       94%         3
 Flame Wave               Conj/Fire      0%         3d3       100%        4
 Fulminant Prism          Conj/Hex       0%         3d6       100%        4
 Hailstorm                Conj/Ice       0%         3d3       100%        4
 Iskenderun's Mystic Bla  Conj/Tloc      0%         2d3       100%        4
 Sticky Flame             Conj/Fire      0%         2d3       100%        4
 Lee's Rapid Deconstruct  Erth           0%         3d5*      100%        5
 Dispersal                Tloc           0%         N/A       100%        6
 Starburst                Conj/Fire      0%         6d3       100%        6
 Summon Cactus Giant      Summ           0%         N/A       100%        6
 Ozocubu's Refrigeration  Ice            0%         4d5       100%        7
 Spellforged Servitor     Conj/Summ      0%         N/A       100%        7
 Fire Storm               Conj/Fire      0%         5d1       100%        9
 Ice Form                 Ice/Tmut       Unusable   N/A       N/A         4
 Irradiate                Conj/Tmut      Unusable   3d14      N/A         5
 Yara's Violent Unravell  Hex/Tmut       Unusable   3d3       N/A         5
 Simulacrum               Ice/Necr       Unusable   N/A       N/A         6

Dungeon Overview and Level Annotations

Branches:
Dungeon (12/15)            Temple (0/1) D:6            Lair (2/6) D:10
  Swamp (0/4) Lair:2        Snake (0/4) Lair:2          Orc (0/2) D:9
Ossuary (visited)

Altars:
Cheibriados
Dithmenos
Elyvilon
Fedhas
Gozag
Kikubaaqudgha
Nemelex Xobeh
Okawaru
Qazlal
Ru
Sif Muna
Xom
Zin
The Shining One

Shops:
D:2 !   D:8 *

Annotations:
D:7 2 transporters, solarlight's ghost, weakling DDDe
D:9 3 runed translucent doors, Tenar's ghost, journeyman DsEE
Lair:2 exclusion: oklob plant, Fannar


Innate Abilities, Weirdness & Mutations

You have a pair of horns on your head.
You cannot study or use magical devices.
You cannot study or cast Air magic.
You cannot study or cast Necromancy magic.
You cannot study or cast Transmutations magic.
You reflexively headbutt those who attack you in melee.


Message History

You thump Fannar!
Fannar is severely wounded.
Fannar begins to cast a spell, but is stunned by your conviction!
You miss Fannar.
Fannar is severely wounded.
Fannar casts a spell.
Fannar drains the heat from the surrounding environment!
* * * LOW HITPOINT WARNING * * *
Unknown command.
You cannot evoke magical items.
Okay, then.
You feel much better.
You start resting.
Fannar is nearby!
Fannar gestures wildly while chanting.
Fannar murmurs some mystic words to themself.
You redirect Fannar's attack!
Fannar hits you but does no damage. Fannar freezes you!
You see here a water moccasin corpse.
You miss Fannar.
Fannar is severely wounded.
You feel less exhausted.
You barely miss Fannar. Your headbutt misses Fannar.
Fannar is severely wounded.
Fannar hits you but does no damage. Fannar freezes you!
* * * LOW HITPOINT WARNING * * *
You hit Fannar but do no damage.
Fannar is severely wounded.
The ice beast hits you but does no damage.
Fannar casts a spell.
You hit Fannar but do no damage. Your headbutt misses Fannar.
Fannar is severely wounded.
Fannar gestures wildly while chanting.
Fannar drains the heat from the surrounding environment!
* * * LOW HITPOINT WARNING * * *
You focus your inner power and blind Fannar in retribution!
The ice beast hits you.
* * * LOW HITPOINT WARNING * * *
The ice beast freezes you!
You die...

.# #......## .#### .#
##...##..# ..(.# .# #..###
..# ....# ## #..# .# ##.e.##
####..#####.# ##.#...#
####.##..#....# ##...##..#
##...#####..#..###..........#
..<....# ##..##.##....#......
......## ####.#@..##○.#.P#..
.......# #...Ye###.......
.....### ###..## #......P.
...##.# #.Y# #..._..<.
....### ##.. #......#. ##...#
##.. .$.. ##.## ### #.# ###


You could see Fannar (blind) and 2 ice beasts.

Vanquished Creatures
  Harold (D:7)
  2 boulder beetles
  2 two-headed ogres
  Erica (D:10)
  Nergalle (Lair:2)
  An ugly thing (D:11)
  Maurice (D:10)
  A black mamba (Lair:2)
  3 gargoyles
  A kobold demonologist (D:12)
  Maggie (D:9)
  3 komodo dragons
  A troll (D:12)
  A hornet (D:9)
  Sigmund (D:4)
  A vampire (D:10)
  2 wyverns
  3 wraiths
  30 yaks
  2 basilisks (D:10)
  6 steam dragons
  4 vampire mosquitoes (D:11)
  Menkaure (D:6)
  Duvessa (D:5)
  8 water moccasins
  An ice beast (D:7)
  An orc warrior (D:8)
  2 sky beasts (D:6)
  2 hornet zombies
  A necrophage (D:7)
  3 ogres
  A black bear (D:7)
  8 centaurs
  A phantom (D:7)
  An elf zombie (D:5)
  Blork the orc (D:6)
  2 kobold brigands
  5 bullfrogs
  An elf skeleton (D:5)
  A wyvern skeleton (D:7)
  Dowan (D:5)
  3 wights (Ossuary)
  2 howler monkeys
  A bullfrog zombie (D:6)
  6 centaur zombies
  3 human zombies (D:5)
  A gnoll shaman (D:9)
  4 hounds
  2 jellies
  3 centaur skeletons
  2 orc priests
  An iguana (D:7)
  10 orc wizards
  A killer bee zombie (D:7)
  3 gnolls (D:9)
  2 river rats (D:6)
  9 adders
  2 white imps
  An ufetubus (D:6)
  3 adder zombies (Ossuary)
  3 worms
  3 dart slugs
  23 orcs
  10 ball pythons
  5 endoplasms
  5 giant cockroaches
  10 hobgoblins
  9 jackals (D:1)
  6 quokkas
  A ball python skeleton (Ossuary)
  6 bats
  4 frilled lizards
  5 goblins
  A hobgoblin skeleton (Ossuary)
  19 kobolds
  A kobold zombie (Ossuary)
  2 orc skeletons
  An orc zombie (Ossuary)
  8 rats
292 creatures vanquished.

Vanquished Creatures (others)
  A two-headed ogre (D:6)
  An orc (D:10)
  5 fungi (Lair:2)
  5 plants
12 creatures vanquished.

Grand Total: 304 creatures vanquished

Notes
Turn   | Place    | Note
-------+----------+-------------------------------------------
     0 | D:1      | Anon1729 the Minotaur Monk began the quest for the Orb.
     0 | D:1      | Reached XP level 1. HP: 19/19 MP: 0/0
   186 | D:1      | Reached XP level 2. HP: 27/27 MP: 1/1
   428 | D:1      | Found a faded altar of an unknown god.
   434 | D:1      | Prayed at the altar of an unknown god.
   434 | D:1      | Became a worshipper of Ru the Awakened
   452 | D:1      | Gained mutation: You cannot study or cast Air magic. [Ru
                  | sacrifice]
   452 | D:1      | Gained mutation: You cannot study or cast Transmutations
                  | magic. [Ru sacrifice]
   452 | D:1      | Gained mutation: You cannot study or cast Necromancy magic.
                  | [Ru sacrifice]
   452 | D:1      | Reached * piety under Ru
   453 | D:1      | Reached skill level 4 in Fighting
   620 | D:1      | Reached XP level 3. HP: 25/33 MP: 2/2
  1737 | D:2      | Reached XP level 4. HP: 16/40 MP: 3/3
  2084 | D:2      | Reached skill level 1 in Armour
  2154 | D:2      | Found Jyjoimeh's Distillery.
  2158 | D:2      | Bought a potion of curing for 33 gold pieces
  2158 | D:2      | Bought a potion of degeneration for 11 gold pieces
  2814 | D:3      | Reached XP level 5. HP: 44/47 MP: 4/4
  2918 | D:3      | Got the Catalogue of the Weasel
  3355 | D:3      | Found a glowing silver altar of Zin.
  3472 | D:4      | Found a stormy altar of Qazlal.
  3472 | D:4      | Found a blossoming altar of Fedhas.
  3480 | D:4      | Found a glowing golden altar of the Shining One.
  3481 | D:4      | Gained mutation: You cannot study or use magical devices.
                  | [Ru sacrifice]
  3481 | D:4      | Reached ** piety under Ru
  3481 | D:4      | Reached *** piety under Ru
  3483 | D:4      | Found a shadowy altar of Dithmenos.
  3485 | D:4      | Found a sparkling altar of Nemelex Xobeh.
  3504 | D:4      | Noticed a water moccasin
  3652 | D:4      | Noticed Sigmund
  3742 | D:4      | You fall into a shaft and drop 2 floors!
  3745 | D:6      | Found an ancient bone altar of Kikubaaqudgha.
  3756 | D:6      | Noticed Duvessa
  3756 | D:6      | Noticed a sky beast
  3757 | D:6      | Noticed Dowan
  3775 | D:6      | Noticed an ogre
  3776 | D:6      | Noticed Blork the orc
  3788 | D:6      | Noticed a sky beast
  3820 | D:6      | Noticed a steam dragon
  3822 | D:5      | Entered Level 5 of the Dungeon
  3841 | D:5      | Noticed a centaur
  3965 | D:5      | Identified the +4 ring mail of the Blind Marksman {Fly
                  | rPois rC- Regen+}
  4179 | D:5      | Noticed an ogre
  4185 | D:5      | Killed an ogre
  4186 | D:5      | Reached XP level 6. HP: 38/55 MP: 5/5
  4191 | D:5      | Reached skill level 5 in Fighting
  4191 | D:5      | Reached skill level 5 in Maces & Flails
  4402 | D:5      | Reached skill level 5 in Dodging
  4402 | D:5      | Reached XP level 7. HP: 57/61 MP: 6/6
  4472 | D:5      | Found a sand-covered staircase.
  4477 | Ossuary  | Entered an ossuary
  4621 | Ossuary  | Noticed a flying skull
  4621 | Ossuary  | Noticed a wraith
  4663 | Ossuary  | Noticed a wraith
  4677 | Ossuary  | Killed a wraith
  4711 | Ossuary  | Noticed a flying skull
  4713 | Ossuary  | Noticed a flying skull
  4725 | Ossuary  | Reached skill level 6 in Fighting
  4740 | Ossuary  | Noticed a wraith
  4750 | Ossuary  | Killed a wraith
  4751 | Ossuary  | Reached XP level 8. HP: 66/70 MP: 7/7
  5349 | D:4      | Reached skill level 5 in Armour
  5513 | D:4      | Found a shimmering blue altar of Sif Muna.
  5598 | D:4      | Killed Sigmund
  5599 | D:4      | Reached skill level 7 in Fighting
  5694 | D:6      | Noticed a two-headed ogre
  5708 | D:5      | Killed Duvessa
  5709 | D:5      | Reached skill level 5 in Stealth
  5721 | D:5      | Killed Dowan
  5769 | D:6      | Noticed Menkaure
  5845 | D:6      | Reached XP level 9. HP: 75/79 MP: 8/8
  6013 | D:6      | Killed Menkaure
  6058 | D:6      | Killed Blork the orc
  6164 | D:6      | Killed a two-headed ogre
  6182 | D:6      | Got the Volume of the Snowflakes
  6409 | D:6      | Found a staircase to the Ecumenical Temple.
  6429 | D:6      | Got the Almanac of Attacks
  6614 | D:7      | Found a transporter.
  6618 | D:7      | Reached skill level 8 in Fighting
  6748 | D:7      | Found a transporter.
  6886 | D:7      | Found a shimmering altar of Xom.
  6886 | D:7      | Noticed Harold
  6891 | D:7      | Found a glowing silver altar of Zin.
  6891 | D:7      | Found a snail-covered altar of Cheibriados.
  6909 | D:7      | Killed Harold
  6910 | D:7      | Reached XP level 10. HP: 39/90 MP: 9/9
  6963 | D:7      | Found a broken altar of Ashenzari.
  6963 | D:7      | Found an iron altar of Okawaru.
  6963 | D:7      | Found an iron altar of Okawaru.
  7086 | D:7      | Noticed solarlight's ghost (weakling DDDe)
  7087 | D:7      | Noticed a moth of wrath
  7381 | D:8      | Noticed a gargoyle
  7402 | D:8      | Killed a gargoyle
  7559 | D:8      | Noticed a two-headed ogre
  7568 | D:8      | Killed a two-headed ogre
  7569 | D:8      | Reached skill level 9 in Fighting
  7681 | D:8      | Noticed a gargoyle
  7689 | D:8      | Killed a gargoyle
  8000 | D:8      | Found Xaerph's General Store.
  8593 | D:9      | Found a white marble altar of Elyvilon.
  8726 | D:9      | Noticed Maggie
  8763 | D:9      | Killed Maggie
  8776 | D:9      | Reached XP level 11. HP: 38/99 MP: 10/10
  8957 | D:9      | Found an opulent altar of Gozag.
  9080 | D:9      | Found a runed translucent gate.
  9080 | D:9      | Found a runed translucent gate.
  9083 | D:9      | Noticed Tenar's ghost (journeyman DsEE)
  9085 | D:9      | Found a runed translucent gate.
  9085 | D:9      | Noticed a nine-headed hydra
  9149 | D:9      | Reached skill level 10 in Fighting
  9173 | D:9      | Reached skill level 10 in Maces & Flails
  9188 | D:9      | Found a staircase to the Orcish Mines.
  9239 | D:9      | Found an iron altar of Okawaru.
  9376 | D:10     | Entered Level 10 of the Dungeon
  9457 | D:10     | Noticed a boulder beetle
  9603 | D:10     | Noticed Erica
  9612 | D:10     | Killed Erica
  9801 | D:10     | Killed a boulder beetle
  9886 | D:10     | Noticed Maurice
  9932 | D:10     | Killed Maurice
  9938 | D:10     | Identified a scroll of acquirement
 10154 | D:10     | Found a staircase to the Lair.
 10442 | D:11     | Reached skill level 10 in Dodging
 10454 | D:11     | Reached skill level 10 in Armour
 10551 | D:11     | Reached skill level 11 in Fighting
 10768 | D:11     | Identified the +1 scale mail of the Lotus Blossom {rF+ MP+9
                  | Int+3}
 10882 | D:11     | Noticed a white ugly thing
 11280 | D:11     | Killed a white ugly thing
 11281 | D:11     | Reached XP level 12. HP: 110/110 MP: 11/11
 12002 | D:12     | Noticed a two-headed ogre
 12010 | D:12     | Killed a two-headed ogre
 12395 | Lair:1   | Entered Level 1 of the Lair of Beasts
 12794 | Lair:1   | You fall into a shaft and drop 1 floor!
 13171 | Lair:2   | Found a glowing golden altar of the Shining One.
 13231 | Lair:2   | Found a staircase to the Swamp.
 13232 | Lair:2   | Found a staircase to the Snake Pit.
 13563 | Lair:2   | Noticed Nergalle
 13589 | Lair:2   | Killed Nergalle
 13919 | Lair:2   | Found a white marble altar of Elyvilon.
 13920 | Lair:2   | Noticed a boulder beetle
 13921 | Lair:2   | Noticed Fannar
 13939 | Lair:2   | Killed a boulder beetle
 13940 | Lair:2   | Reached skill level 12 in Fighting
 13960 | Lair:2   | HP: 4/106 [Fannar/refrigeration (26)]
 13960 | Lair:2   | Mangled by an ice beast

Illustrated notes

Levels and vault maps discovered:
D:1:      scummos_arrival_hexagon, layout_basic,
          shapermc_ecumenical_altar_notcrosses, minmay_misc_feat_rows,
          minmay_door_square
D:2:      minmay_angry_zag, layout_loops_ring, serial_shops, shop
D:3:      layout_basic, zin_scriptorium
D:4:      layout_cave_pools, marbit_many_paths,
          chequers_temple_overflow_minitemple, minivault_26, uniq_sigmund
D:5:      layout_gridville, nicolae_ossuary_entry_catacombs
D:6:      layout_rooms, mainiacjoe_overflow_alcove_1,
          minmay_temple_entry_nine_rooms, gup_sewer_entry_spiral, hex_medium,
          uniq_blork_the_orc, uniq_duvessa, uniq_menkaure
D:7:      layout_rooms, doesnt_xom_only_xom, gammafunk_ghost_berserking_beasts,
          minmay_misc_feat_five, uniq_harold
D:8:      layout_layer_cave, serial_shops, nicolae_lakefront_shop,
          serial_park_tiny_pond
D:9:      layout_loops_ring, mainiacjoe_overflow_chevrons,
          mainiacjoe_overflow_brackets, lemuel_doored_altar,
          gammafunk_ghost_hydra_chop, nicolae_fountain_basement, uniq_maggie
D:10:     layout_rooms, erik_lair_dragon, uniq_erica, uniq_maurice
D:11:     layout_loops_ring
D:12:     layout_loops_corners, statue_in_the_mist_lemuel
Lair:1:   beast_lair_carwin_large_4, layout_cave_shapes, minmay_hedge_maze,
          serial_bayou_shore_b
Lair:2:   layout_layer_cave, swamp_mist, dummy_snake_entry, basic_altar,
          lemuel_oklob_altar, uniq_nergalle, uniq_fannar

Skill      XL: |  1  2  3  4  5  6  7  8  9 10 11 12 |
---------------+-------------------------------------+-----
Stealth        | 2 3 4 5 6 7 8 9 |  9.0
Fighting       | 4 5 6 7 8 9 11 12 | 12.0
Maces & Flails | 4 5 6 7 8 9 11 | 11.0
Armour         | 1 2 3 4 5 7 8 10 11 | 11.2
Dodging        | 4 5 6 7 9 10 11 | 11.1

Action                   |  1- 3 |  4- 6 |  7- 9 | 10-12 || total
-------------------------+-------+-------+-------+-------++-------
Melee: Mace              |    89 |   123 |   307 |   594 ||  1113
       Headbutt          |    10 |    24 |    58 |   144 ||   236
       Unarmed           |       |       |       |     8 ||     8
Throw: Dart              |       |       |       |     6 ||     6
       Throwing net      |       |       |       |     2 ||     2
Invok: Sacrifice Arcana  |     1 |       |       |       ||     1
       Draw Out Power    |       |     1 |     1 |     1 ||     3
       Sacrifice Artific |       |     1 |       |       ||     1
       Reject Sacrifices |       |       |       |     1 ||     1
  Use: Scroll            |       |     6 |     5 |     6 ||    17
       Potion            |       |     1 |       |     1 ||     2
 Stab: Sleeping          |     9 |     4 |    10 |    10 ||    33
       Distracted        |       |     1 |     1 |     5 ||     7
       Invisible         |       |     1 |     2 |       ||     3
       Held in net/web   |       |       |       |     2 ||     2
       Paralysed         |       |       |       |     7 ||     7
Armor: Robe              |     8 |    21 |       |       ||    29
       Ring mail         |       |    16 |    82 |   120 ||   218
       Scale mail        |       |       |       |    41 ||    41
Dodge: Dodged            |    67 |   103 |   165 |   334 ||   669

Table legend: (Time is in decaauts)
 A = Elapsed time spent in this place.
 B = Non-inter-level travel time spent in this place.
 C = Inter-level travel time spent in this place.
 D = Time resting spent in this place.
 E = Time spent auto-exploring this place.
 F = Levels seen in this place.
 G = Mean time per level.
                   A        B        C        D        E       F      G
               +--------+--------+--------+--------+--------+-----+--------+
         Total |  13978 |  13398 |    580 |    613 |  10051 |  15 |  931.9 |
       Dungeon |  12060 |  11481 |    579 |    567 |   8568 |  12 | 1005.0 |
          Lair |   1544 |   1544 |      0 |      2 |   1352 |   2 |  772.0 |
       Ossuary |    373 |    373 |      0 |     44 |    130 |   1 |  373.0 |
               +--------+--------+--------+--------+--------+-----+--------+

Top non-repeatable levels by time:
     D:8: 1426 daAuts
     D:1: 1397 daAuts
     D:2: 1386 daAuts
     D:5: 1338 daAuts
  Lair:2: 1151 daAuts
    D:10: 1065 daAuts
    D:11: 966 daAuts
    D:12: 945 daAuts
     D:6: 837 daAuts
     D:3: 756 daAuts
     D:9: 712 daAuts
     D:7: 653 daAuts
     D:4: 573 daAuts
  Lair:1: 393 daAuts
 Ossuary: 373 daAuts
